 Dungeon Crawl Stone Soup version 0.27-a0-1438-g9b7c6745da (webtiles) character file.

Game seed: 7245962761609747137

138 2tc the Ruffian (level 5, 0/46 HPs)
             Began as a Troll Transmuter on July 3, 2021.
             Killed by divine providence
             ... invoked by an orc priest
              (17 damage)
             ... on level 3 of the Dungeon.
             The game lasted 00:04:01 (1849 turns).

2tc the Ruffian (Troll Transmuter)                  Turns: 1849, Time: 00:04:01

Health: 0/46       AC:  5    Str: 18    XL:     5   Next: 1%
Magic:  3/5        EV:  9    Int: 10    God:
Gold:   108        SH:  0    Dex: 10    Spells: 3/6 levels left

rFire    . . .     SeeInvis .     - Unarmed
rCold    . . .     Faith    .   (no shield)
rNeg     . . .     Spirit   .   a - +1 robe
rPois    .         Reflect  .   (helmet currently unavailable)
rElec    .         Harm     .   (no cloak)
rCorr    .         Rampage  .   (gloves unavailable)
Will     .....                  (boots unavailable)
Stlth    +.........             d - amulet of magic regeneration
HPRegen  1.15/turn              (no ring)
MPRegen  0.34/turn              (no ring)

@: appendages (expiring), wereblooded
A: horns 2, talons 2, large, unfitting armour, claws 3, regeneration 1, shaggy
fur 1, tough skin 1
a: End Transformation


You were on level 3 of the Dungeon.
You had temporarily grown beastly horns and talons.
You visited 1 branch of the dungeon, and saw 3 of its levels.

You collected 108 gold pieces.

Inventory:

Armour
 a - a +1 robe (worn)
Jewellery
 d - an amulet of magic regeneration (around neck)
Potions
 b - a potion of attraction {unknown}
 c - a potion of berserk rage
 e - a potion of might {unknown}
 f - 2 potions of haste
 g - a potion of cancellation {unknown}
 h - a potion of ambrosia {unknown}
 i - 2 potions of flight {unknown}
 j - a potion of curing {unknown}


   Skills:
 - Level 0.7 Fighting
 - Level 1.5 Dodging
 * Level 5.6 Unarmed Combat
 - Level 1.2 Spellcasting
 + Level 1.6 Transmutations


You had 3 spell levels left.
You knew the following spells:

 Your Spells              Type           Power      Damage    Failure   Level
a - Beastly Appendage     Tmut           6%         N/A       17%         1
b - Wereblood             Tmut           3%         N/A       26%         2

Your spell library contained the following spells:

 Spells                   Type           Power      Damage    Failure   Level
 Spider Form              Tmut/Pois      1%         N/A       58%         3
 Ice Form                 Ice/Tmut       2%         N/A       94%         4


Dungeon Overview and Level Annotations

Branches:
Dungeon (3/15)

Altars:
The Shining One

Shops:
D:2 [


Innate Abilities, Weirdness & Mutations

You have temporarily grown beastly horns and talons.
You are too large for most types of armour.
You have claws for hands.
Your natural rate of healing is unusually fast.
You are covered in fur. (AC +1)
You have tough skin. (AC +1)


Message History

You kill the endoplasm!
No target in view!
Done exploring.
Done exploring.
(D) Dungeon
Where to? (Enter - D:2, ? - help)
There is an open door here.
There is a stone staircase leading down here.
You climb downwards.
There is a stone staircase leading up here.
An orc and an orc priest come into view.
The orc priest shouts!
An orc priest comes into view. It is wielding a +0 short sword.
An orc comes into view. It is wielding a +0 hand axe.
The orc shouts! x2; The orc priest shouts!
You grow a pair of large bovine horns.
Your feet morph into talons.
Casting: Beastly Appendage (safe; 19% risk of failure)
Confirm with . or Enter, or press ? or * to list all spells.
Your blood is infused with primal strength.
The orc priest mumbles some strange prayers to Beogh against you.
Beogh smites you!
You scratch the orc priest.
The orc priest is moderately wounded.
The orc priest calls down the wrath of Beogh upon you.
Beogh smites you!
You barely miss the orc priest.
The orc priest is moderately wounded.
You scratch the orc priest but do no damage.
Your kick misses the orc priest.
The orc priest hits you but does no damage.
You claw the orc priest!
You feel a bit better.
You kill the orc priest!
You howl as the wereblood boils in your veins!
The orc hits you with a +0 war axe!
You have reached level 5!
You scratch the orc. Your headbutt misses the orc.
The orc is severely wounded.
The orc priest calls down the wrath of Beogh upon you.
Beogh smites you!
You die...

#.. #.# ..# #.#
#.##### #.#...
#<#o#####..
#.)oo......
##@#.......
#.#.......
#......#....oo.
#.######.....o.
#....o. ###.##
.#


You could see an orc priest and 2 orcs.

Vanquished Creatures
  An orc priest (D:3)
  5 adders (D:2)
  3 worms (D:2)
  2 dart slugs
  3 orcs (D:2)
  2 ball pythons
  5 bats
  3 endoplasms
  2 giant cockroaches (D:2)
  6 goblins
  A hobgoblin (D:1)
  A quokka (D:1)
  3 frilled lizards (D:1)
  8 kobolds
  7 rats
52 creatures vanquished.

Vanquished Creatures (others)
  A plant (D:1)
1 creature vanquished.

Grand Total: 53 creatures vanquished

Notes
Turn   | Place    | Note
-------+----------+-------------------------------------------
     0 | D:1      | 2tc the Troll Transmuter began the quest for the Orb.
     0 | D:1      | Reached XP level 1. HP: 18/18 MP: 1/1
   377 | D:1      | Reached XP level 2. HP: 26/26 MP: 2/2
   380 | D:1      | Learned a level 2 spell: Wereblood
   827 | D:1      | Reached skill level 4 in Unarmed Combat
  1081 | D:2      | Reached XP level 3. HP: 32/32 MP: 3/3
  1277 | D:2      | Found a glowing golden altar of the Shining One.
  1490 | D:2      | Reached XP level 4. HP: 34/40 MP: 4/4
  1492 | D:2      | Reached skill level 5 in Unarmed Combat
  1629 | D:2      | Found Etoz's Antique Armour Emporium.
  1849 | D:3      | Reached XP level 5. HP: 16/46 MP: 3/5
  1849 | D:3      | Killed from afar by an orc priest

Illustrated notes

Levels and vault maps discovered:
D:1:      dpeg_arrival_circle_labyrinth_c, layout_loops_corners,
          serial_bayou_pond_b, minmay_misc_feat_four_crosses,
          serial_bayou_ford_a, minivault_24, st_stairs_3,
          minmay_stone_trees_small, wander_ebering_terrifying_dragon_lair
D:2:      layout_basic, basic_altar, serial_shops, shop_statue
D:3:      layout_loops_ring, serial_co_window_serial,
          co_window_of_opportunity_a, co_window_paths_b, co_window_corner_a,
          co_window_corner_a, co_window_corner_a, co_window_of_opportunity_a,
          co_window_corner_b, co_window_cross_3, co_window_corner_ca,
          co_window_2corner, co_window_of_opportunity_b, co_window_paths_d,
          glass_columns_a, glass_columns_a, glass_columns_a, glass_columns_b,
          glass_columns_a

Skill      XL: |  1  2  3  4 |
---------------+-------------+-----
Unarmed Combat | 4 5 |  5.6
Fighting       | |  0.7
Dodging        | |  1.5
Spellcasting   | |  1.2
Transmutations | |  1.6

Action                   |  1- 3 |  4- 6 || total
-------------------------+-------+-------++-------
Melee: Unarmed           |    96 |    36 ||   132
       Headbutt          |     4 |       ||     4
       Kick              |     3 |     4 ||     7
       Punch             |     1 |     1 ||     2
 Cast: Beastly Appendage |     5 |     3 ||     8
       Wereblood         |     1 |     1 ||     2
  Use: Scroll            |     5 |     1 ||     6
Armor: Robe              |    25 |     7 ||    32
Dodge: Dodged            |    36 |    10 ||    46

Table legend: (Time is in decaauts)
 A = Elapsed time spent in this place.
 B = Non-inter-level travel time spent in this place.
 C = Inter-level travel time spent in this place.
 D = Time resting spent in this place.
 E = Time spent auto-exploring this place.
 F = Levels seen in this place.
 G = Mean time per level.
                   A        B        C        D        E       F      G
               +--------+--------+--------+--------+--------+-----+--------+
         Total |   1847 |   1769 |     78 |      0 |   1473 |   3 |  615.7 |
       Dungeon |   1847 |   1769 |     78 |      0 |   1473 |   3 |  615.7 |
               +--------+--------+--------+--------+--------+-----+--------+

Top non-repeatable levels by time:
     D:1: 1076 daAuts
     D:2: 757 daAuts
     D:3: 13 daAuts
